 Dungeon Crawl Stone Soup version 0.28-a0-998-gb9e9c7b67e (webtiles) character file.

Game seed: 7822392422200921380

45522 wakim the Fighter (level 14, -11/92 HPs)
             Began as an Octopode Venom Mage on Dec 5, 2021.
             Was a High Priest of Hepliaklqana.
             Mangled by an elephant (17 damage)
             ... on level 6 of the Lair of Beasts.
             The game lasted 01:43:25 (23837 turns).

wakim the Fighter (Octopode Venom Mage)            Turns: 23837, Time: 01:43:25

Health: -11/92     AC:  2    Str:  9    XL:     14   Next: 33%
Magic:  32/32      EV: 28    Int: 21    God:    Hepliaklqana [*****.]
Gold:   997        SH:  0    Dex: 17    Spells: 7/25 levels left

rFire   . . .      SeeInvis .     - Unarmed
rCold   . . .      Faith    .   (shield currently unavailable)
rNeg    + . .      Spirit   .   (helmet currently unavailable)
rPois   x          Reflect  .   m - amulet of regeneration
rElec   .          Harm     .   k - ring of magical power
rCorr   .          Rampage  .   a - +4 ring of evasion
Will    +....                   i - ring of positive energy
Stlth   +.........              (no ring)
HPRegen 1.05/turn               (no ring)
MPRegen 0.23/turn               (no ring)
                                (no ring)
                                (no ring)

@: confused, spider-form, ambrosia-drunk
A: venomous fangs, reduced essence, almost no armour, (amphibious), 8 rings,
tiny, (camouflage 1), (gelatinous body 1), (nimble swimmer 1), (tentacles)
a: End Transformation, Renounce Religion, Recall Ancestor, Ancestor Identity,
Transference, Idealise


You were on level 6 of the Lair of Beasts.
You worshipped Hepliaklqana.
Hepliaklqana was extremely pleased with you.
You were a venomous arachnid creature.
You visited 3 branches of the dungeon, and saw 17 of its levels.

You collected 997 gold pieces.

Inventory:

Hand Weapons
 c - a +3 dagger of electrocution
 d - a +2 fustibalus
Missiles
 f - 125 sling bullets
Armour
 e - a +2 hat (melded)
 h - a +1 buckler (melded)
Magical Staves
 b - a staff of poison (melded)
Jewellery
 a - a +4 ring of evasion (right front leg)
 g - a ring of fire
 i - a ring of positive energy (on tentacle)
 k - a ring of magical power (left front leg)
 m - an amulet of regeneration (around neck)
Wands
 u - a wand of mindburst (15)
 v - a wand of flame (46)
 w - a wand of acid (13)
 x - a wand of iceblast (13)
Scrolls
 Q - 2 scrolls of immolation {!r!r}
 R - a scroll of magic mapping {!r}
 T - 2 scrolls of teleportation
 W - a scroll of holy word
 X - a scroll of fog
 Z - a scroll of silence {!r}
Potions
 A - 2 potions of ambrosia
 C - a potion of berserk rage {!q}
 D - a potion of brilliance
 E - a potion of cancellation
 F - a potion of curing
 H - 2 potions of haste
 I - a potion of invisibility
 K - a potion of magic
 L - a potion of lignification {!q}
 N - 2 potions of might
 O - a potion of resistance


   Skills:
 + Level 12.2 Fighting
 + Level 6.8 Dodging
 - Level 4.0 Stealth
 - Level 4.0 Shields
 + Level 12.2 Unarmed Combat
 - Level 6.0 Spellcasting
 - Level 3.0 Conjurations
 * Level 9.0 Transmutations
 - Level 3.0 Air Magic
 - Level 8.0 Poison Magic
 - Level 6.0 Invocations
 - Level 8.0 Evocations


You had 7 spell levels left.
You knew the following spells:

 Your Spells              Type           Power      Damage    Failure   Level
a - Sting                 Tmut/Pois      100%       1d8       2%          1
b - Spider Form           Tmut/Pois      42%        N/A       4%          3
c - Blade Hands           Tmut           22%        N/A       19%         5
f - Mephitic Cloud        Conj/Pois/Air  25%        N/A       13%         3
x - Poisonous Vapours     Pois/Air       58%        N/A       7%          2
y - Olgreb's Toxic Radia  Pois           39%        N/A       12%         4

Your spell library contained the following spells:

 Spells                   Type           Power      Damage    Failure   Level
 Beastly Appendage        Tmut           88%        N/A       2%          1
 Wereblood                Tmut           44%        N/A       3%          2
 Ozocubu's Armour         Ice            6%         N/A       50%         3
 Portal Projectile        Hex/Tloc       12%        N/A       50%         3
 Excruciating Wounds      Necr           3%         N/A       99%         5
 Metabolic Englaciation   Hex/Ice        3%         N/A       99%         5
 Summon Forest            Summ/Tloc      3%         N/A       99%         5
 Summon Mana Viper        Hex/Summ       6%         N/A       99%         5
 Simulacrum               Ice/Necr       3%         N/A       100%        6
 Summon Cactus Giant      Summ           3%         N/A       100%        6


Dungeon Overview and Level Annotations

Branches:
Dungeon (10/15)            Temple (1/1) D:5            Lair (6/6) D:9
 Shoals (0/4) Lair:3       Spider (0/4) Lair:2        Slime (0/5) Lair:5
    Orc: D:9-12

Altars:
Ashenzari
Cheibriados
Dithmenos
Elyvilon
Fedhas
Gozag
Hepliaklqana
Kikubaaqudgha
Makhleb
Nemelex Xobeh
Okawaru
Qazlal
Ru
Sif Muna
Trog
Uskayaw
Vehumet
Wu Jian
Xom
Yredelemnul
Zin
The Shining One

Annotations:
Lair:5 2 transporters


Innate Abilities, Weirdness & Mutations

You are a venomous arachnid creature.
You have poisonous fangs.
You are tiny and dextrous.
Your spellcasting is less reliable in this form.
Your armour is entirely melded.
You are incapable of wielding weapons or throwing items.
Your life essence is reduced to manifest your ancestor. (-10% HP)
You cannot wear most types of armour.
((You are amphibious.))
You can wear up to eight rings at the same time.
((Your skin changes colour to match your surroundings (Stealth+).))
((Your rubbery body absorbs attacks. (AC +1, EV +1)))
((You are camouflaged near water. (Stealth+)))
((You have tentacles for arms and can constrict up to eight enemies at once.))


Message History

You stumble backwards!
You kill the dream sheep!
The elephant closely misses you. The elephant barely misses you.
The yak completely misses you. The elephant completely misses you. x2
The dream sheep completely misses you.
The dream sheep ruffle their wool and motes of dream dust sparkle, to no effect.
The dream sheep shake their wool and sparkle.
You feel drowsy...
You fall asleep.
The dream sheep bites you.
You wake up.
* * * LOW HITPOINT WARNING * * *
The dream sheep completely misses you. The elephant completely misses you.
The elephant closely misses you. The elephant completely misses you. x2
The dream sheep ruffle their wool and motes of dream dust sparkle, to no effect.
The yak completely misses you.
The yak looks more healthy.
You hit the yak but do no damage.
The yak looks even sicker.
The yak is almost dead.
The yak completely misses you.
Unknown command.
The yak closely misses you.
The dream sheep ruffles its wool and motes of dream dust sparkle, to no effect.
The yak gores you.
* * * LOW HITPOINT WARNING * * *
You barely miss the yak.
The yak is almost dead.
You kill the yak!
The dream sheep shake their wool and sparkle.
You feel drowsy...
You fall asleep.
The elephant tramples you!!!
You wake up.
* * * LOW HITPOINT WARNING * * *
You hold your ground!
The elephant completely misses you.
You are confused.
You feel invigorated. The elephant tramples you!
* * * LOW HITPOINT WARNING * * *
You hold your ground!
The elephant misses you.
You're too confused to move!
The elephant completely misses you. The elephant barely misses you.
The elephant tramples you!
You die...

.. #.. ..####.
.........
##.........
#..........###
##YY...........#
#s#............
##YYY........†#
##Y..........#
##...........#
##............#
#..Y..........##
#..............#
###...........##
#............#


You could see 4 elephants and 2 dream sheep.

Vanquished Creatures
  3 hydras
  A catoblepas (Lair:4)
  A boulder beetle (Lair:1)
  3 two-headed ogres
  8 death yaks
  Urug (Lair:1)
  A cyclops (D:10)
  An elephant (Lair:5)
  3 black mambas
  8 cane toads
  Maggie (D:8)
  Psyche (D:8)
  9 komodo dragons
  2 rime drakes
  A kobold demonologist (D:10)
  2 trolls (D:10)
  3 hornets
  2 polar bears
  A slime creature (Lair:5)
  15 blink frogs
  6 dream sheep (Lair:6)
  A redback (Lair:2)
  10 yaks
  Sigmund (D:4)
  Eustachio (D:4)
  Grum (D:8)
  3 basilisks
  5 wargs
  A swamp worm (Lair:3)
  An acid dragon (D:10)
  Duvessa (D:4)
  13 water moccasins
  2 black bears
  5 orc warriors
  An ice beast (D:7)
  2 ogres
  A necrophage (D:5)
  11 wolves
  2 kobold brigands
  9 bullfrogs
  7 gnoll sergeants (D:10)
  Dowan (D:4)
  A water moccasin skeleton (D:6)
  13 killer bees
  7 wights
  5 electric eels (D:6)
  5 howler monkeys (D:10)
  3 centaur zombies
  2 hounds (D:6)
  6 orc priests
  A centaur skeleton (D:5)
  3 bullfrog skeletons
  5 gnoll shamans
  7 jellies
  An ancestor (Lair:1)
  5 iguanas
  2 knights
  9 orc wizards
  A hound skeleton (D:4)
  9 adders
  26 gnolls
  9 white imps
  An ufetubus (D:5)
  2 worms
  13 orcs
  4 bats
  6 endoplasms
  5 giant cockroaches
  7 goblins
  9 hobgoblins
  10 kobolds
  4 quokkas
  7 ball pythons
  3 frilled lizards
  6 rats
349 creatures vanquished.

Vanquished Creatures (collateral kills)
  A two-headed ogre (D:10)
  4 death yaks
  An orc sorcerer (D:10)
  A cyclops (D:10)
  An elephant (Lair:6)
  2 black mambas
  A torpor snail (Lair:5)
  4 cane toads
  A komodo dragon (Lair:3)
  2 trolls (D:10)
  A slime creature (Lair:5)
  3 blink frogs
  4 dream sheep (Lair:6)
  A basilisk (Lair:6)
  2 wyverns
  8 yaks
  A warg (D:10)
  A swamp worm (Lair:3)
  3 water moccasins
  A hell hound (D:10)
  A black bear (Lair:1)
  6 wolves
  A kobold brigand (D:10)
  A bullfrog (Lair:1)
  4 gnoll sergeants
  3 killer bees
  5 howler monkeys (D:10)
  A wight (D:7)
  A centaur zombie (D:9)
  5 gnoll shamans
  2 orc priests (D:10)
  A jelly (D:7)
  2 orc wizards (D:10)
  5 gnolls
  4 white imps (Lair:3)
  An orc (D:8)
  A kobold (D:8)
87 creatures vanquished.

Vanquished Creatures (others)
  5 knights
  5 ancestors
  26 fungi
  79 plants
115 creatures vanquished.

Grand Total: 551 creatures vanquished

Notes
Turn   | Place    | Note
-------+----------+-------------------------------------------
     0 | D:1      | wakim the Octopode Venom Mage began the quest for the Orb.
     0 | D:1      | Reached XP level 1. HP: 11/11 MP: 3/3
   251 | D:1      | Reached XP level 2. HP: 16/17 MP: 3/5
  1053 | D:1      | Reached XP level 3. HP: 21/21 MP: 4/6
  1053 | D:1      | Found a faded altar of an unknown god.
  1086 | D:1      | Learned a level 2 spell: Poisonous Vapours
  1873 | D:2      | Reached skill level 5 in Poison Magic
  1964 | D:2      | Reached XP level 4. HP: 27/27 MP: 7/7
  2241 | D:2      | Learned a level 4 spell: Olgreb's Toxic Radiance
  2345 | D:2      | Reached XP level 5. HP: 31/31 MP: 1/8
  3509 | D:3      | Reached XP level 6. HP: 36/36 MP: 6/10
  3894 | D:4      | Noticed Sigmund
  3969 | D:4      | Found a stormy altar of Qazlal.
  3986 | D:4      | Found an ancient bone altar of Kikubaaqudgha.
  4037 | D:4      | Noticed Eustachio
  4240 | D:4      | Noticed Dowan
  4352 | D:4      | Killed Eustachio
  4598 | D:4      | Noticed Duvessa
  4828 | D:4      | Learned a level 3 spell: Spider Form
  4938 | D:4      | Killed Sigmund
  4939 | D:4      | Reached skill level 1 in Fighting
  4939 | D:4      | Reached skill level 1 in Unarmed Combat
  4939 | D:4      | Reached XP level 7. HP: 43/43 MP: 2/11
  5104 | D:5      | Entered Level 5 of the Dungeon
  5629 | D:5      | Reached XP level 8. HP: 48/52 MP: 3/12
  6545 | D:5      | Found a staircase to the Ecumenical Temple.
  6568 | Temple   | Entered the Ecumenical Temple
  6718 | Temple   | Became a worshipper of Hepliaklqana the Forgotten
  6906 | D:6      | Found a shadowy altar of Dithmenos.
  6938 | D:6      | Found a glowing silver altar of Zin.
  6943 | D:6      | Found a shimmering altar of Xom.
  6944 | D:6      | Found a shimmering blue altar of Sif Muna.
  6944 | D:6      | Found an iron altar of Okawaru.
  6946 | D:6      | Found an opulent altar of Gozag.
  6948 | D:6      | Found a burning altar of Makhleb.
  6949 | D:6      | Found a hide-covered altar of Uskayaw.
  7372 | D:6      | Reached skill level 5 in Fighting
  7372 | D:6      | Reached skill level 5 in Unarmed Combat
  7372 | D:6      | Reached XP level 9. HP: 57/61 MP: 5/13
  7650 | D:6      | Learned a level 3 spell: Mephitic Cloud
  8798 | D:4      | Killed Duvessa
  8800 | D:4      | Killed Dowan
  9036 | D:7      | Reached skill level 5 in Dodging
  9113 | D:7      | Reached * piety under Hepliaklqana
  9517 | D:7      | Reached skill level 5 in Transmutations
 10243 | D:8      | Noticed Psyche
 10331 | D:8      | Noticed a hornet
 10339 | D:8      | Killed a hornet
 10340 | D:8      | Reached XP level 10. HP: 61/61 MP: 10/14
 10428 | D:8      | Reached skill level 1 in Invocations
 10428 | D:8      | Reached skill level 1 in Evocations
 10561 | D:8      | Reached skill level 1 in Conjurations
 10561 | D:8      | Reached skill level 1 in Air Magic
 10573 | D:8      | Killed Psyche
 10895 | D:8      | Reached ** piety under Hepliaklqana
 10913 | D:8      | Noticed Maggie
 10937 | D:8      | Killed Maggie
 11133 | D:8      | Noticed Grum
 11148 | D:8      | Killed Grum
 11465 | D:9      | Noticed a two-headed ogre
 11477 | D:9      | Killed a two-headed ogre
 12079 | D:9      | Found a staircase to the Lair.
 12136 | D:10     | Entered Level 10 of the Dungeon
 12463 | D:10     | Reached XP level 11. HP: 66/66 MP: 14/17
 12564 | D:10     | Noticed a cyclops
 12823 | D:10     | Reached skill level 5 in Evocations
 12907 | Lair:1   | Entered Level 1 of the Lair of Beasts
 12916 | Lair:1   | Noticed Urug
 12952 | Lair:1   | Killed Urug
 13152 | Lair:1   | Remembered your ancestor Ulric as a knight
 13293 | Lair:1   | Reached *** piety under Hepliaklqana
 13295 | Lair:1   | Noticed a seven-headed hydra
 13738 | D:10     | Noticed a two-headed ogre
 14008 | D:10     | Killed a two-headed ogre
 14047 | D:10     | Noticed a cyclops
 14057 | D:10     | Killed a cyclops
 14131 | D:10     | Killed a cyclops
 14370 | D:10     | Noticed a two-headed ogre
 14388 | D:10     | Killed a two-headed ogre
 14424 | D:10     | Noticed a two-headed ogre
 14425 | D:10     | Reached XP level 12. HP: 46/75 MP: 14/18
 14443 | D:10     | Killed a two-headed ogre
 14444 | D:10     | Reached skill level 5 in Invocations
 14899 | D:10     | Reached skill level 1 in Shields
 15683 | D:9      | Killed a seven-headed hydra
 16076 | Lair:1   | Found an ornate altar of the Wu Jian Council.
 16076 | Lair:1   | Found a hide-covered altar of Uskayaw.
 16076 | Lair:1   | Noticed a boulder beetle
 16096 | Lair:1   | Killed a boulder beetle
 17128 | Lair:2   | Found a hole to the Spider Nest.
 17213 | Lair:2   | Reached **** piety under Hepliaklqana
 17655 | Lair:2   | Reached skill level 10 in Fighting
 18607 | Lair:3   | Found a frozen archway.
 18607 | Lair:3   | You fall into a shaft and drop 3 floors!
 18607 | Lair:6   | Entered Level 6 of the Lair of Beasts
 18612 | Lair:6   | Reached skill level 10 in Unarmed Combat
 18794 | Lair:6   | Reached XP level 13. HP: 77/82 MP: 7/19
 19016 | Lair:5   | Found a transporter.
 19305 | Lair:5   | Found a transporter.
 19305 | Lair:5   | Found the macabre finger necklace {rN+}
 19682 | Lair:3   | Learned a level 5 spell: Blade Hands
 19858 | Lair:3   | Found a staircase to the Shoals.
 21743 | Lair:4   | Reached skill level 5 in Spellcasting
 22162 | Lair:4   | Reached XP level 14. HP: 75/91 MP: 22/22
 22854 | Lair:5   | Found a staircase to the Slime Pits.
 23400 | Lair:5   | Reached ***** piety under Hepliaklqana
 23836 | Lair:6   | HP: 2/92 [elephant (7)]
 23837 | Lair:6   | Mangled by an elephant

Illustrated notes

Levels and vault maps discovered:
D:1:      amcnicky_arrival_feature_with_door, layout_basic,
          chequers_ecumenical_altar_simple_redux, serial_forest,
          infiniplex_forest_clump_large, infiniplex_forest_lined_2,
          infiniplex_forest_end_1, infiniplex_forest_lined_1,
          infiniplex_forest_lined_room_2, infiniplex_forest_lined_ring
D:2:      layout_rooms
D:3:      layout_loops_corners
D:4:      nicolae_cairo_tiling_large, layout_loops_ring,
          mainiacjoe_overflow_tiny_flanked, nicolae_qazlal_eye_of_the_storm,
          uniq_duvessa, uniq_eustachio, uniq_sigmund
D:5:      layout_loops_ring, temple_green, minmay_misc_feat_tiny
D:6:      layout_cave_pods, minitemple, serial_bayou, serial_bayou_pond_e,
          serial_bayou_shore_b, serial_bayou_pond_d, serial_bayou_shore_a,
          serial_bayou_lagoon_a, serial_bayou_pond_d
D:7:      layout_gridville
D:8:      layout_loops_cross, uniq_psyche, uniq_maggie, uniq_grum
D:9:      layout_rooms, lair_entry_dummy, corexii_leaking_fountain
D:10:     lemuel_castle_with_subvaults [lemuel_castle_interior_carwin_3],
          layout_irregular_city
Temple:   hc_temple_tempest_star
Lair:1:   layout_cave_pods, nzn_masters_of_martial_movement, grunt_megastairs_5,
          infiniplex_staircase_pool_2, uniq_urug
Lair:2:   layout_chaotic_city, spider_nest_entry_webs
Lair:3:   layout_layer_cave, minmay_shoals_entry_hut,
          portal_ice_cave_entry_imps, worms_lemuel
Lair:4:   layout_cave_pods
Lair:5:   gammafunk_worm_tunnel, layout_hall_layers, minmay_slime_entry_pillars
Lair:6:   grunt_lair_end_beastmaster, layout_hall_layers, grunt_megastairs_3

Skill      XL: |  1  2  3  4  5  6  7  8  9 10 11 12 13 14 |
---------------+-------------------------------------------+-----
Stealth        | 3 4 |  4.0
Poison Magic   | 4 5 6 8 |  8.0
Spellcasting   | 3 4 5 6 |  6.0
Fighting       | 1 3 5 6 8 10 11 12 | 12.2
Unarmed Combat | 1 3 5 6 8 10 11 12 | 12.2
Transmutations | 2 3 6 7 8 9 |  9.0
Dodging        | 3 4 6 |  6.8
Invocations    | 4 6 |  6.0
Evocations     | 4 6 7 8 |  8.0
Conjurations   | 3 |  3.0
Air Magic      | 3 |  3.0
Shields        | 4 |  4.0

Action                   |  1- 3 |  4- 6 |  7- 9 | 10-12 | 13-15 || total
-------------------------+-------+-------+-------+-------+-------++-------
Melee: Unarmed           |    10 |       |   140 |   144 |   269 ||   563
       Constrict         |     4 |    15 |    18 |    34 |    28 ||    99
       Tentacles         |     4 |    10 |    17 |    27 |    31 ||    89
       Dagger            |     8 |    15 |       |       |       ||    23
       Staff             |       |    41 |    98 |    66 |    28 ||   233
       Punch             |       |       |     4 |     9 |    19 ||    32
 Cast: Sting             |    43 |     8 |     8 |       |       ||    59
       Poisonous Vapours |     8 |    21 |    30 |    82 |    31 ||   172
       Olgreb's Toxic Ra |       |     7 |    25 |    68 |    16 ||   116
       Spider Form       |       |     1 |    19 |    16 |    10 ||    46
       Mephitic Cloud    |       |       |     1 |    21 |     2 ||    24
       Blade Hands       |       |       |       |       |    14 ||    14
Invok: Ancestor Life: Kn |       |       |       |     1 |       ||     1
       Transference      |       |       |       |     2 |     3 ||     5
       Recall Ancestor   |       |       |       |     1 |     5 ||     6
       Idealise          |       |       |       |       |     2 ||     2
 Abil: End Transformatio |       |       |       |     1 |       ||     1
Evoke: Wand              |       |       |       |     5 |     4 ||     9
  Use: Scroll            |       |     2 |    12 |    13 |     6 ||    33
       Potion            |       |       |       |     2 |     4 ||     6
 Stab: Sleeping          |     1 |     7 |     2 |       |     6 ||    16
       Distracted        |       |       |     1 |     2 |     6 ||     9
       Confused          |       |       |       |     1 |       ||     1
Armor: Skin              |     8 |     9 |    25 |    39 |    25 ||   106
Dodge: Dodged            |    14 |    26 |   203 |   185 |   242 ||   670
Block: Buckler           |       |       |       |    12 |    43 ||    55

Table legend: (Time is in decaauts)
 A = Elapsed time spent in this place.
 B = Non-inter-level travel time spent in this place.
 C = Inter-level travel time spent in this place.
 D = Time resting spent in this place.
 E = Time spent auto-exploring this place.
 F = Levels seen in this place.
 G = Mean time per level.
                   A        B        C        D        E       F      G
               +--------+--------+--------+--------+--------+-----+--------+
         Total |  23831 |  22201 |   1630 |   1958 |  15408 |  17 | 1401.8 |
       Dungeon |  15838 |  14616 |   1222 |   1342 |  10079 |  10 | 1583.8 |
        Temple |    157 |    131 |     26 |     10 |    109 |   1 |  157.0 |
          Lair |   7835 |   7453 |    382 |    606 |   5220 |   6 | 1305.8 |
               +--------+--------+--------+--------+--------+-----+--------+

Top non-repeatable levels by time:
    D:10: 2921 daAuts
     D:6: 1976 daAuts
     D:4: 1827 daAuts
  Lair:3: 1723 daAuts
     D:1: 1615 daAuts
  Lair:4: 1593 daAuts
  Lair:1: 1486 daAuts
     D:9: 1372 daAuts
     D:3: 1328 daAuts
  Lair:5: 1318 daAuts
     D:7: 1318 daAuts
     D:8: 1273 daAuts
  Lair:2: 1217 daAuts
     D:5: 1178 daAuts
     D:2: 1025 daAuts
